 Dungeon Crawl Stone Soup version 0.16.0-8-gd9ae3a8 (webtiles) character file.

287 timbw the Insei (level 6, -3/48 HPs)
             Began as a Draconian Hunter on Mar 17, 2015.
             Slain by an orc
             ... wielding a +0 trident
              (5 damage)
             ... on level 5 of the Dungeon.
             The game lasted 00:07:32 (1729 turns).

timbw the Insei (Draconian Hunter)                  Turns: 1729, Time: 00:07:32

Health: -3/48      AC:  6    Str: 14    XL:     6   Next: 8%
Magic:  6/6        EV: 12    Int: 11    God:
Gold:   54         SH:  0    Dex: 14    Spells: 0 memorised, 5 levels left

rFire  . . .     SeeInvis .       - Unarmed
rCold  + . .     Clarity  .     (armour unavailable)
rNeg   . . .     SustAb   .     (no shield)
rPois  .         Gourm    .     (helmet restricted)
rElec  .         Spirit   .     (no cloak)
rCorr  .         Warding  .     (no gloves)
rMut   .         Stasis   .     (no boots)
MR     .....                    (no amulet)
Stlth  ++........               (no ring)
                                k - ring of protection from cold

@: flying, not resistant to hostile enchantments, unstealthy
A: unfitting armour, cold-blooded, AC +6
a: no special abilities


You were on level 5 of the Dungeon.
You were not hungry.

You visited 1 branch of the dungeon, and saw 6 of its levels.
You also visited: Sewer.

You collected 54 gold pieces.

Inventory:

Hand weapons
 a - a +0 short sword
 o - a +0 blowgun
Missiles
 p - 11 poisoned needles
Jewellery
 k - a ring of protection from cold (left hand)
Magical devices
 r - a wand of digging (18)
Scrolls
 d - a scroll of identify {unknown}
 e - a scroll of remove curse {unknown}
 g - a scroll of random uselessness {unknown}
 l - a scroll of enchant weapon {unknown}
 n - 4 scrolls of magic mapping {unknown}
 q - 4 scrolls of teleportation {unknown}
 u - a scroll of fear {unknown}
Potions
 b - a potion of magic
 j - a potion of curing {unknown}
 s - a potion of brilliance {unknown}
Comestibles
 f - 3 bread rations
 m - 2 meat rations
 t - a chunk of flesh


   Skills:
 - Level 2.1 Fighting
 - Level 3.6 Throwing
 - Level 1.7 Dodging
 - Level 0.8 Stealth
 + Level 6.0 Unarmed Combat


You had 5 spell levels left.
You didn't know any spells.

Dungeon Overview and Level Annotations

Branches:
Dungeon (6/15)
 Temple: D:4-7

Altars:


Innate Abilities, Weirdness & Mutations

Your plain brown scales are hard (AC +6).
Your body does not fit into most forms of armour.
Your cold-blooded metabolism reacts poorly to cold.


Message History

The orc hits you from afar with a trident.
* * * LOW HITPOINT WARNING * * *
Drink which item? (? for menu, Esc to quit)
It was a potion of magic.
Magic courses through your body.
The orc wizard casts a spell.
The orc wizard flickers and vanishes!
Deactivating autopickup; reactivate with Ctrl-A.
Something wriggles in the net.
The orc misses you.
Drink which item? (? for menu, Esc to quit)
It was a potion of cancellation.
You feel magically purged.
The orc hits you from afar with a trident.
* * * LOW HITPOINT WARNING * * *
Something wriggles in the net.
Drink which item? (? for menu, Esc to quit)
It was a potion of flight.
You feel very buoyant.
You fly up into the air.
Something wriggles in the net.
All of a sudden the net rips apart!
The orc hits you from afar with a trident.
You die...

...$....# . .......# ..
.......##########'#
##'##...............
#...#...............
#...#..........รท....
+...o...............
###.#..oo...........
.#@##'#.....##'###.
....#.{o.#o....#....
.....#....#.o...+....+
#.....+...(+.....#....#
#.....#....#.....####+#.
#.....####'#............
+##
#.....#....#............
..#
#.....#....#............
..#
#.....'....#.......)...


You could see 2 orcs.

Vanquished Creatures
  A giant frog (D:5)
  A crimson imp (D:5)
  A worker ant (D:5)
  Natasha (twice) (D:5)
  A centaur skeleton (D:5)
  3 adders
  A river rat (Sewer)
  A shadow imp (D:5)
  3 giant mites
  An adder zombie (D:5)
  5 giant geckos
  An ooze (D:1)
  5 giant cockroaches
  3 goblins
  2 hobgoblins
  4 ball pythons
  5 bats
  11 giant newts
  4 kobolds
  A quokka (D:5)
  A quokka skeleton (D:5)
  7 rats
64 creatures vanquished.

Notes
Turn   | Place    | Note
--------------------------------------------------------------
     0 | D:1      | timbw, the Draconian Hunter, began the quest for the Orb.
     0 | D:1      | Reached XP level 1. HP: 17/17 MP: 1/1
    47 | D:1      | Reached skill level 1 in Unarmed Combat
   100 | D:1      | Reached XP level 2. HP: 14/24 MP: 2/2
   268 | D:2      | You fall through a shaft!
   298 | D:3      | HP: 1/24 [kobold/short sword (1)]
   457 | D:3      | Reached XP level 3. HP: 15/29 MP: 3/3
   857 | D:5      | Entered Level 5 of the Dungeon
   909 | D:5      | Noticed Natasha
   913 | D:5      | Noticed an ice beast
   915 | D:5      | Killed Natasha
   915 | D:5      | Reached XP level 4. HP: 36/36 MP: 4/4
   944 | D:5      | Reached skill level 4 in Unarmed Combat
  1047 | D:5      | Found a glowing drain.
  1071 | Sewer    | Entered a sewer
  1318 | D:5      | Noticed a phantom
  1336 | D:6      | Noticed a giant frog
  1336 | D:6      | Noticed an orc warrior
  1351 | D:5      | Killed a giant frog
  1351 | D:5      | Reached skill level 5 in Unarmed Combat
  1351 | D:5      | Reached XP level 5. HP: 13/41 MP: 5/5
  1675 | D:5      | Reached XP level 6. HP: 31/48 MP: 6/6
  1691 | D:5      | Reached skill level 6 in Unarmed Combat
  1692 | D:5      | Noticed Natasha
  1697 | D:5      | Killed Natasha
  1728 | D:5      | HP: 1/48 [orc/trident (4)]
  1729 | D:5      | Slain by an orc

Action                   |  1- 3 |  4- 6 || total
-------------------------+-------+-------++-------
Melee: Short sword       |    86 |       ||    86
       Unarmed           |       |   110 ||   110
Throw: Javelin           |    20 |     3 ||    23
       Throwing net      |       |     5 ||     5
  Use: Potion            |       |     3 ||     3
 Stab: Sleeping          |       |     1 ||     1
  Eat: Chunk             |       |     3 ||     3
